 Dungeon Crawl Stone Soup version 0.29-a0-925-g0a7a3d12f8 (webtiles) character file.

Game seed: 10754576767361815426

937 greasedhog the Cudgeller (level 8, -8/46 HPs)
             Began as a Gargoyle Abyssal Knight on July 30, 2022.
             Was a High Priest of Lugonu.
             Mangled by an ogre
             ... wielding a +0 giant club
              (17 damage)
             ... on level 4 of the Dungeon.
             The game lasted 00:09:05 (4813 turns).

greasedhog the Cudgeller (Gargoyle Abyssal Knight)  Turns: 4813, Time: 00:09:05

Health: -8/46      AC: 15    Str: 20    XL:     8   Next: 12%
Magic:  20/20      EV:  7    Int: 10    God:    Lugonu [*****.]
Gold:   287        SH: 14    Dex: 10    Spells: 7/7 levels left

rFire   + . .      SeeInvis .   f - +1 whip (venom)
rCold   . . .      Faith    .   c - +2 tower shield
rNeg    + . .      Spirit   .   n - +0 troll leather armour {Pargi}
rPois   ∞          Reflect  .   (no helmet)
rElec   +          Harm     .   l - +0 cloak
rCorr   .          Rampage  .   (no gloves)
Will    .....                   (no boots)
Stlth   +.........              t - amulet of the acrobat
HPRegen 0.95/turn               q - ring "Eceybrettu" {Drain +Blink rElec MP+9 AC+4}
MPRegen 0.17/turn               u - ring of protection from fire

@: no status effects
A: sickness immunity, AC +5, negative energy resistance 1, electricity
resistance, torment resistance 1, petrification resistance
a: Renounce Religion, Evoke Blink, Depart the Abyss, Bend Space, Banish,
Corrupt, Enter the Abyss


You were on level 4 of the Dungeon.
You worshipped Lugonu.
Lugonu was extremely pleased with you.
You visited 1 branch of the dungeon, and saw 5 of its levels.
You visited the Abyss 1 time.
You also visited: Sewer and Ossuary.

You collected 287 gold pieces.

Inventory:

Hand Weapons
 a - a +1 mace
 f - a +1 whip of venom (weapon)
Missiles
 h - a curare-tipped dart (quivered)
 i - 2 poisoned darts
Armour
 c - a +2 tower shield (worn)
 g - a +0 scale mail
 l - a +0 cloak (worn)
 n - a +0 troll leather armour (worn) {Pargi}
Jewellery
 q - the ring "Eceybrettu" (left hand) {Drain +Blink rElec MP+9 AC+4}
   (You found it on level 3 of the Dungeon)

   [ring of protection]

   AC:        It affects your AC (+4).
   rElec:     It insulates you from electricity.
   MP:        It affects your magic capacity (+9).
   +Blink:    It lets you blink.
   Drain:     It drains your maximum health when unequipped.
 r - a ring of see invisible
 t - an amulet of the acrobat (around neck)
 u - a ring of protection from fire (right hand)
Scrolls
 j - 3 scrolls of immolation
 m - a scroll of poison
 p - a scroll of enchant weapon
 s - a scroll of teleportation
Potions
 b - 2 potions of heal wounds
 d - a potion of cancellation {unknown}
 e - 5 potions of curing {unknown}
 k - 6 potions of mutation {unknown}
 o - 2 potions of brilliance {unknown}
 v - a potion of degeneration {unknown}
 w - 2 potions of lignification {unknown}


   Skills:
 - Level 3.2 Fighting
 * Level 6.6 Maces & Flails
 - Level 2.7 Armour
 - Level 0.7 Dodging
 - Level 5.0 Shields
 * Level 4.6 Invocations


You had 7 spell levels left.
You didn't know any spells.
Your spell library contained the following spells:

 Spells                   Type           Power      Damage    Failure   Level
 Ensorcelled Hibernation  Hex/Ice        0%         N/A       100%        2
 Call Canine Familiar     Summ           0%         N/A       100%        3
 Portal Projectile        Hex/Tloc       0%         N/A       100%        3
 Spider Form              Tmut/Pois      0%         N/A       100%        3
 Anguish                  Hex/Necr       0%         N/A       100%        4
 Leda's Liquefaction      Hex/Erth       0%         N/A       100%        4


Dungeon Overview and Level Annotations

Branches:
Dungeon (5/15)              Sewer (visited)         Ossuary (visited)
 Temple: D:4-7

Altars:
Ashenzari
Dithmenos
Ru
Vehumet
Zin

Shops:
D:1 *

Annotations:
D:4 3 runed translucent doors, Eustachio; Hubjo's ghost, novice DsTm


Innate Abilities, Weirdness & Mutations

You are immune to sickness and miasma.
Your stone body is resilient. (AC +5)
You are immune to poison.
You resist negative energy. (rN+)
You are resistant to electric shocks. (rElec)
You are resistant to unholy torment.
You are immune to petrification.


Message History

You block the quasit's attack.
The quasit claws you but does no damage.
The quasit barely misses you.
You climb upwards.
Level annotation: 3 runed translucent doors, Hubjo's ghost, novice DsTm
There is a stone staircase leading down here.
You start waiting.
Done waiting.
You climb downwards.
Level annotation: Eustachio The ogre hits you but does no damage.
Eustachio gestures wildly while chanting.
Eustachio blinks!
Eustachio brags, "I can call spirits from the vasty deep."
There is a stone staircase leading up here.
You barely miss the ogre. The ogre hits you with a +0 giant club.
You hit the ogre but do no damage. You block the ogre's attack.
Eustachio growls, "To hell with you, honourless miscreant!"
You barely miss the ogre. You block the ogre's attack.
You hit the ogre.
The ogre is lightly wounded.
Eustachio hits you but does no damage. Space warps around you.
You barely miss the ogre.
The ogre is lightly wounded.
The ogre barely misses you. Eustachio hits you but does no damage.
Space warps horribly around you!
Press: ? - help, Shift-Dir - straight line, f - ogre
Aim: an ogre, wielding a +0 giant club (lightly wounded, chance to affect: 82%)
You fail to use your ability.
You block Eustachio's attack.
The ogre hits you with a +0 giant club!!
Ouch! That really hurt!
* * * LOW HITPOINT WARNING * * *
You block Eustachio's attack.
You climb upwards.
Level annotation: 3 runed translucent doors, Hubjo's ghost, novice DsTm
There is a stone staircase leading down here.
The air fills with toxic fumes!
As you read the scroll of poison, it crumbles to dust.
The ogre hits you with a +0 giant club!
You die...

...##...........##...###.........
...##...........##...............
...##............(.....§........#
...#..................§§........#
.......###....#......§§§........#
.......# #....#.....§§§§##......#
.......###§§..####.§§§§§.+.......
)........#§§§§####§§§§§§##.......
.........§§§§§§@@§§§§§§§....#....
....##...#§§§§##§O§§§§§§.##.#....
.#####...#§§..##§§§§§§§§.##......
.# #...§.#####§§§§§§§§.'.......
.# ###.........§####§§§§.###...#.
.# #...........§+...§§§§.......#.
.# #...........§###.#§§§.......#.
.# #..........§§# #.#.§§.....#.#.
.# #............# #.#.####...#...


You could see Eustachio and an ogre.

Vanquished Creatures
  Pargi (Sewer)
  An ice beast (D:5)
  An elf zombie (Ossuary)
  A necrophage (D:4)
  A scorpion (D:5)
  A howler monkey (D:5)
  A centaur zombie (Ossuary)
  A human zombie (Ossuary)
  A jelly (D:4)
  3 orc priests
  Crazy Yiuf (D:2)
  An iguana (D:5)
  3 mummies
  A gnoll (D:5)
  11 adders
  A shadow imp (D:5)
  An ufetubus (D:5)
  2 adder zombies (Ossuary)
  2 worms (D:4)
  3 dart slugs
  9 orcs
  2 bats (D:1)
  3 endoplasms
  6 giant cockroaches
  6 goblins
  5 hobgoblins
  6 jackals
  A quokka (D:1)
  6 ball pythons
  5 frilled lizards
  3 goblin zombies (Ossuary)
  11 hobgoblin zombies (Ossuary)
  2 jackal zombies (Ossuary)
  8 kobolds
  8 kobold zombies (Ossuary)
  7 orc zombies (Ossuary)
  3 rats
  A rat zombie (Ossuary)
130 creatures vanquished.

Vanquished Creatures (others)
  5 plants (D:5)
5 creatures vanquished.

Grand Total: 135 creatures vanquished

Notes
Turn   | Place    | Note
-------+----------+-------------------------------------------
     0 | Abyss:1  | greasedhog the Gargoyle Abyssal Knight began the quest for
                  | the Orb.
     0 | Abyss:1  | Reached XP level 1. HP: 14/14 MP: 2/2
    16 | D:1      | Escaped the Abyss
   274 | D:1      | Reached XP level 2. HP: 17/19 MP: 3/3
   404 | D:1      | Found Tauskyin's Assorted Antiques.
   661 | D:1      | Reached skill level 1 in Shields
   912 | D:1      | Reached XP level 3. HP: 23/23 MP: 4/4
  1665 | D:2      | Reached skill level 3 in Maces & Flails
  1819 | D:2      | Reached *** piety under Lugonu
  2043 | D:2      | Found a runed translucent door.
  2044 | D:2      | Noticed Crazy Yiuf
  2200 | D:2      | Killed Crazy Yiuf
  2201 | D:2      | Reached XP level 4. HP: 15/28 MP: 5/5
  2502 | D:3      | Found a faded altar of an unknown god.
  2512 | D:3      | Found a glowing drain.
  2532 | Sewer    | Entered a sewer
  2562 | Sewer    | Noticed Pargi
  2577 | Sewer    | Killed Pargi
  2578 | Sewer    | Reached skill level 4 in Maces & Flails
  2578 | Sewer    | Reached XP level 5. HP: 13/32 MP: 6/6
  2943 | D:3      | Found a radiant altar of Vehumet.
  2945 | D:3      | Found a glowing silver altar of Zin.
  2945 | D:3      | Found a shadowy altar of Dithmenos.
  3052 | D:3      | Reached XP level 6. HP: 37/37 MP: 7/7
  3104 | D:3      | Identified the ring "Eceybrettu" {Drain +Blink rElec MP+9
                  | AC+4}
  3511 | D:4      | Noticed Hubjo's ghost (novice DsTm)
  3569 | D:4      | Reached skill level 5 in Maces & Flails
  3707 | D:4      | Found a sand-covered staircase.
  3728 | Ossuary  | Entered an ossuary
  3794 | Ossuary  | Reached **** piety under Lugonu
  3863 | Ossuary  | Reached skill level 5 in Shields
  3863 | Ossuary  | Reached XP level 7. HP: 41/41 MP: 8/8
  4144 | D:4      | Found a runed translucent gate.
  4144 | D:4      | Found a runed translucent gate.
  4144 | D:4      | Found a runed translucent gate.
  4268 | D:4      | Found a broken altar of Ashenzari.
  4502 | D:5      | Entered Level 5 of the Dungeon
  4535 | D:5      | Reached skill level 6 in Maces & Flails
  4605 | D:5      | Reached ***** piety under Lugonu
  4615 | D:5      | Reached XP level 8. HP: 46/46 MP: 11/11
  4668 | D:5      | Found a sacrificial altar of Ru.
  4686 | D:5      | Noticed Eustachio
  4813 | D:4      | Mangled by an ogre

Illustrated notes

Levels and vault maps discovered:
D:1:      moated_graveyard_arrival, layout_basic, serial_shops, shop
D:2:      layout_basic, hex_medium, uniq_crazy_yiuf_cottage
D:3:      layout_basic, grunt_temple_overflow_open,
          ebering_ecumenical_altar_box, cheibrodos_sewer_entry_drain
D:4:      layout_basic, lemuel_coloured_pillars_altar, gammafunk_ghost_icy,
          gup_ossuary_entry_pyramid
D:5:      layout_cave_pools, mainiacjoe_overflow_cross_hatched,
          nicolae_overflow_hidden_temple, nrook_mini_vaults, amethyst_killhole,
          minivault_14, st_stairs_12, dk_rats_in_the_wall, uniq_eustachio

Skill      XL: |  1  2  3  4  5  6  7 |
---------------+----------------------+-----
Shields        | 1 2 3 4 5 |  5.0
Maces & Flails | 3 4 5 6 |  6.6
Invocations    | 4 |  4.6
Fighting       | |  3.2
Armour         | |  2.7
Dodging        | |  0.7

Action                   |  1- 3 |  4- 6 |  7- 9 || total
-------------------------+-------+-------+-------++-------
Melee: Mace              |    22 |    72 |   111 ||   205
       Whip              |    67 |   139 |   103 ||   309
Throw: Dart              |     1 |       |       ||     1
  Use: Scroll            |     5 |     5 |     4 ||    14
Armor: Leather armour    |    25 |       |       ||    25
       Scale mail        |    10 |    25 |       ||    35
       Troll leather arm |       |    67 |   100 ||   167
Dodge: Dodged            |     8 |    56 |    65 ||   129
Block: Tower shield      |    61 |   189 |   189 ||   439

Table legend: (Time is in decaauts)
 A = Elapsed time spent in this place.
 B = Non-inter-level travel time spent in this place.
 C = Inter-level travel time spent in this place.
 D = Time resting spent in this place.
 E = Time spent auto-exploring this place.
 F = Levels seen in this place.
 G = Mean time per level.
                   A        B        C        D        E       F      G
               +--------+--------+--------+--------+--------+-----+--------+
         Total |   4999 |   4733 |    266 |    276 |   3082 |   8 |  624.9 |
       Dungeon |   4217 |   3951 |    266 |    100 |   2906 |   5 |  843.4 |
         Abyss |     16 |     16 |      0 |      0 |      0 |   1 |   16.0 |
         Sewer |    351 |    351 |      0 |    176 |    106 |   1 |  351.0 |
       Ossuary |    415 |    415 |      0 |      0 |     70 |   1 |  415.0 |
               +--------+--------+--------+--------+--------+-----+--------+

Top non-repeatable levels by time:
     D:1: 1406 daAuts
     D:2: 995 daAuts
     D:4: 859 daAuts
     D:3: 734 daAuts
 Ossuary: 415 daAuts
   Sewer: 351 daAuts
     D:5: 220 daAuts
 Abyss:1: 16 daAuts
